AoeStats
← Mr. Snrub

Black Forest

507606398Analyzed
3v3 RM · 14d ago on Sep 19, 2026· 36m 4s· 6 players
Game mode
Random Map
Map size
Normal (6 player)
Population
200
Speed
Normal
Resources
Standard
Victory
Conquest
Starting age
Dark Age
Ending age
Imperial Age
RankedLock teamsTeams togetherTeam positionsShared explorationLock speedFull tech treeHidden civsTurbo modeCheats
Victory
Defeat
🇲🇽 Saracens · Mexico
1147
+17
🇲🇽 Japanese · Mexico
1138
+18
🇲🇽 Bohemians · Mexico
1103
+19
🇨🇦 Turks · Canada
1173
-18
🇨🇦 Bohemians · Canada
1173
-18
🇨🇦 Franks · Canada
1172
-18
Dradis
0:31 Loom
13:38 Feudal Age
17:11 Castle Age
21:45 Imperial Age
19:17 Double-Bit Axe
27:22 Padded Archer Armor
31:02 Leather Archer Armor
The Toope
0:26 Loom
10:45 Feudal Age
18:50 Castle Age
18:19 Double-Bit Axe
20:30 Bow Saw
22:56 Wheelbarrow
22:41 Horse Collar
24:49 Heavy Plow
26:38 Fishing Lines
30:14 Imperial Age
28:21 Gillnets
28:44 Caravan
30:05 Chemistry
29:42 Scale Mail Armor
32:12 Two-Man Saw
31:34 Squires
31:46 Forging
32:10 Chain Mail Armor
32:08 Padded Archer Armor
32:42 Hand Cart
33:09 Leather Archer Armor
32:33 Pikeman
35:48 Siege Engineers
Mr. Snrub
0:26 Loom
12:49 Feudal Age
18:10 Castle Age
17:01 Double-Bit Axe
25:57 Sanctity
27:15 Wheelbarrow
28:23 Crossbowman
32:06 Husbandry
34:43 Bow Saw
Kenny [Asahi]
0:47 Loom
12:54 Feudal Age
16:40 Castle Age
14:52 Double-Bit Axe
15:38 Horse Collar
17:36 Wheelbarrow
18:51 Bow Saw
22:10 Wheelbarrow
29:51 Imperial Age
28:27 Chemistry
29:47 Scale Barding Armor
29:53 Forging
29:34 Fletching
29:33 Treadmill Crane
30:03 Heavy Plow
32:07 Two-Man Saw
31:52 Bodkin Arrow
32:15 Siege Engineers
34:32 Chain Barding Armor
34:48 Iron Casting
34:54 Hand Cart
34:29 Light Cavalry
35:09 Husbandry
Stan [AJ]
0:56 Loom
11:38 Feudal Age
16:47 Castle Age
16:06 Double-Bit Axe
17:27 Fletching
21:05 Husbandry
25:55 Forging
27:54 Bodkin Arrow
28:29 Crossbowman
31:37 Ballistics
35:22 Horse Collar
36:02 Gold Mining
Uzi
0:52 Loom
10:50 Feudal Age
11:32 Double-Bit Axe
11:37 Man-at-Arms
12:44 Arson
18:31 Town Watch
21:18 Castle Age
22:07 Wheelbarrow
21:49 Scale Mail Armor
22:01 Forging
22:19 Pikeman
23:00 Squires
25:55 Bow Saw
25:15 Long Swordsman
26:43 Gambesons
31:21 Scale Mail Armor
32:38 Fortified Wall
36:08 Iron Casting
35:48 Chain Mail Armor
Connection lost

Rejoining the realm…

Still unreachable

The connection could not be restored.

Session expired

The server has moved on; the page needs a fresh start.